[Event "Titled Tuesday Blitz August 09 Early 2022"]
[White "Wagner, Dennis"]
[Black "Malyi, Viacheslav"]
[WhiteFideId "24650684"]
[BlackFideId "14123983"]
[WhiteElo "2355"]
[BlackElo "2190"]
[Result "0-1"]
[Round "02"]
[TimeControl "180+1"]
[Date "2022.08.09"]
[WhiteClock "0:00:02"]
[BlackClock "0:00:02"]

1. e4 e5 2. Nf3 Nc6 3. Bc4 Bc5 4. c3 Nf6 5. d3 d6 6. O-O a6 7. Re1 O-O 8. a4 Ba7 9. h3 h6 10. Nbd2 Re8 11. b4 Nh5 12. Nf1 Qf6 13. Ne3 Nf4 14. Ng4 Bxg4 15. hxg4 Ne7 16. d4 Neg6 17. g3 Ne6 18. Be3 Ngf8 19. Kg2 Nh7 20. dxe5 dxe5 21. Bxa7 Rxa7 22. Qd2 Nhg5 23. Nxg5 Nxg5 24. Qe3 Raa8 25. Rad1 Rad8 26. a5 g6 27. Bd5 c6 28. Bb3 Kg7 29. Rxd8 Rxd8 30. f4 exf4 31. gxf4 Ne6 32. Rf1 Qh4 33. Bxe6 fxe6 34. Qg3 Rd2+ 35. Rf2 Rxf2+ 36. Kxf2 Qh1 37. f5 Qxe4 38. Qc7+ Kf6 39. Qd8+ Ke5 40. f6 Qc2+ 41. Kf1 Qc1+ 42. Ke2 Qc2+ 43. Kf1 Qc1+ 44. Kg2 Qc2+ 45. Kh3 Qxc3+ 46. Kh4 Qe3 47. Qc7+ Kxf6 48. Qd8+ Ke5 49. Qh8+ Ke4 50. Qf6 Qf4 51. Qxe6+ Kf3 52. Qxg6 Qh2# 0-1


[Site "https://www.chess.com"]

[Event "Titled Tuesday Blitz August 09 Early 2022"]
[White "Walker, Powell"]
[Black "Menezes, Christoph"]
[WhiteFideId "2097184"]
[BlackFideId "1617001"]
[WhiteElo "2190"]
[BlackElo "2368"]
[Result "0-1"]
[Round "02"]
[TimeControl "180+1"]
[Date "2022.08.09"]
[WhiteClock "0:00:10"]
[BlackClock "0:01:10"]

1. d4 d5 2. Bf4 Nf6 3. e3 c5 4. c3 Nc6 5. Nf3 cxd4 6. exd4 Bf5 7. Bd3 Bxd3 8. Qxd3 e6 9. Nbd2 Bd6 10. Bg3 O-O 11. O-O Nh5 12. Rfe1 Nxg3 13. hxg3 Qc7 14. Re2 Rfe8 15. Rae1 Rab8 16. Ne5 Nxe5 17. dxe5 Bf8 18. Nf3 b5 19. a3 Qc4 20. Qe3 a5 21. Nd2 Qc5 22. Qxc5 Bxc5 23. Nb3 Bb6 24. Rc1 Rec8 25. Rec2 f6 26. exf6 gxf6 27. Nd4 Kf7 28. Nxb5 Bxf2+ 29. Kxf2 Rxb5 30. Rh1 Kg6 31. Re2 e5 32. Rd2 Rcb8 33. b4 axb4 34. cxb4 Ra8 35. Rd3 d4 36. g4 Rc8 37. Rb1 Rc4 38. Kf3 f5 39. gxf5+ Kxf5 40. g4+ Ke6 41. Rh1 Kd5 42. Rh5 Rc3 43. Rxc3 dxc3 44. Ke3 Kc4 45. Rxh7 Kb3 46. Rc7 c2 47. Kd3 Rd5+ 48. Ke4 Rd4+ 49. Kxe5 Rc4 50. Rxc4 Kxc4 51. Kf6 c1=Q 52. g5 Qf4+ 53. Kg6 Kd5 54. Kh6 Ke6 55. b5 Kf5 0-1


[Site "https://www.chess.com"]

[Event "Titled Tuesday Blitz August 09 Early 2022"]
[White "Weetik, Vjacheslav"]
[Black "Oye-Stromberg, Alexander"]
[WhiteFideId "4153472"]
[BlackFideId "1525999"]
[WhiteElo "2469"]
[BlackElo "1972"]
[Result "1-0"]
[Round "02"]
[TimeControl "180+1"]
[Date "2022.08.09"]
[WhiteClock "0:00:29"]
[BlackClock "0:00:27"]

1. d4 Nf6 2. c4 e6 3. g3 d5 4. Nf3 Be7 5. Bg2 O-O 6. O-O dxc4 7. Qc2 a6 8. a4 Nbd7 9. Nbd2 b6 10. Ne5 Nxe5 11. dxe5 Nd5 12. Nxc4 Bb7 13. Rd1 Qc8 14. e4 Nb4 15. Qe2 a5 16. Qg4 Rd8 17. Bh6 Bf8 18. Bg5 Rxd1+ 19. Rxd1 Qe8 20. b3 Ba6 21. h4 Bxc4 22. bxc4 Qxa4 23. h5 Qe8 24. h6 g6 25. f4 a4 26. f5 a3 27. fxg6 fxg6 28. Bh3 Bc5+ 29. Kh2 a2 30. Rf1 Kh8 31. Bf6+ Kg8 32. Bg7 1-0


[Site "https://www.chess.com"]

[Event "Titled Tuesday Blitz August 09 Early 2022"]
[White "Wieczorek, Oskar"]
[Black "Baches Garcia, Guillermo"]
[WhiteFideId "1133950"]
[BlackFideId "2209764"]
[WhiteElo "2302"]
[BlackElo "2516"]
[Result "1-0"]
[Round "02"]
[TimeControl "180+1"]
[Date "2022.08.09"]
[WhiteClock "0:00:16"]
[BlackClock "0:00:11"]

1. e4 c5 2. Nf3 d6 3. d4 cxd4 4. Nxd4 Nf6 5. Nc3 Nc6 6. h3 e5 7. Nde2 Be6 8. Bg5 Be7 9. g3 O-O 10. Bxf6 Bxf6 11. Bg2 Qd7 12. Nd5 Bd8 13. c3 f5 14. exf5 Bxf5 15. g4 Be6 16. Ng3 Bh4 17. O-O Rf7 18. Qd2 Raf8 19. Rad1 Qd8 20. Ne3 Qb6 21. Kh2 Bg5 22. Qxd6 Bxa2 23. Nef5 Qxb2 24. Ne4 Bf4+ 25. Kg1 Bc4 26. Rfe1 Qb6 27. Qc5 Be6 28. Nfd6 Rd7 29. Rb1 Qxc5 30. Nxc5 Rxd6 31. Nxe6 Rxe6 32. Bd5 Kf7 33. Rxb7+ Ne7 34. Ra1 Kf6 35. Bxe6 Kxe6 36. Ra6+ Kf7 37. Raxa7 Re8 38. c4 Bg5 39. Rc7 Rb8 40. c5 Ke6 41. Ra6+ Kd5 42. Rd6+ Ke4 43. c6 Kf3 44. Rd3+ Ke4 45. Rc3 Bf4 46. Rd7 Nd5 47. Rc4+ Kd3 48. Rc5 Rb1+ 49. Kg2 Ke2 50. Rdxd5 Rf1 51. Rc2+ 1-0


[Site "https://www.chess.com"]

[Event "Titled Tuesday Blitz August 09 Early 2022"]
[White "Winterberg, Lukas"]
[Black "Fernandez Hernandez, Gerardo"]
[WhiteFideId "24622702"]
[BlackFideId "2207400"]
[WhiteElo "2349"]
[BlackElo "2176"]
[Result "1-0"]
[Round "02"]
[TimeControl "180+1"]
[Date "2022.08.09"]
[WhiteClock "0:00:44"]
[BlackClock "0:00:02"]

1. d4 Nf6 2. Bf4 e6 3. Nf3 d5 4. e3 Bd6 5. Bg3 O-O 6. Bd3 c5 7. c3 Qc7 8. Nbd2 Nbd7 9. Qe2 e5 10. dxe5 Nxe5 11. Nxe5 Bxe5 12. Bxe5 Qxe5 13. O-O Bf5 14. Rad1 Bxd3 15. Qxd3 Rad8 16. Rfe1 Rd7 17. Qc2 Rfd8 18. h3 h6 19. Nf3 Qh5 20. c4 b6 21. a3 dxc4 22. Rxd7 Rxd7 23. Qxc4 Qd5 24. Qc2 Qd3 25. Qa4 Qd5 26. e4 Qe6 27. b4 c4 28. b5 c3 29. Nd4 Qa2 30. e5 Nd5 31. e6 fxe6 32. Nxe6 Qd2 33. Rf1 c2 34. Qc4 Kh8 35. Qc8+ Kh7 36. Nf8+ Kg8 37. Nxd7+ Kf7 38. Ne5+ Ke7 39. Qd7+ Kf6 40. Ng4+ Kg6 41. Ne3 c1=Q 42. Qf5# 1-0


[Site "https://www.chess.com"]

[Event "Titled Tuesday Blitz August 09 Early 2022"]
[White "Xu, Yi"]
[Black "Zenin, Dmitry"]
[WhiteFideId "8605564"]
[BlackFideId "4127897"]
[WhiteElo "2471"]
[BlackElo "2215"]
[Result "1-0"]
[Round "02"]
[TimeControl "180+1"]
[Date "2022.08.09"]
[WhiteClock "0:01:36"]
[BlackClock "0:00:41"]

1. e4 g6 2. d4 Bg7 3. Nc3 d6 4. f4 a6 5. Nf3 b5 6. Bd3 Nd7 7. e5 Bb7 8. Be4 Bxe4 9. Nxe4 Nh6 10. Qe2 O-O 11. O-O d5 12. Neg5 e6 13. c3 c5 14. Be3 Nf5 15. Bf2 h6 16. Nh3 cxd4 17. cxd4 h5 18. Nhg5 Qb6 19. h3 Nh6 20. Nh4 Rac8 21. g4 hxg4 22. hxg4 Qc6 23. f5 exf5 24. gxf5 gxf5 25. Qh5 f6 26. Nxf5 1-0


[Site "https://www.chess.com"]

[Event "Titled Tuesday Blitz August 09 Early 2022"]
[White "Yaksin, Oleg"]
[Black "Bristy, Mukherjee"]
[WhiteFideId "24105880"]
[BlackFideId "25077325"]
[WhiteElo "2256"]
[BlackElo "1661"]
[Result "1-0"]
[Round "02"]
[TimeControl "180+1"]
[Date "2022.08.09"]
[WhiteClock "0:00:07"]
[BlackClock "0:00:03"]

1. d4 f5 2. c4 Nf6 3. g3 e6 4. Bg2 Be7 5. Nf3 d6 6. O-O O-O 7. Nc3 Qe8 8. b3 Nbd7 9. Bb2 Bd8 10. Re1 e5 11. e4 f4 12. dxe5 dxe5 13. gxf4 exf4 14. e5 Ng4 15. e6 Ndf6 16. Nd5 Nxd5 17. cxd5 Be7 18. Rc1 Bd6 19. h3 Nf6 20. Be5 Qh5 21. Qd4 b6 22. Bxf4 Bxf4 23. Qxf4 Nxd5 24. Qg5 Qxg5 25. Nxg5 Bb7 26. e7 Rfe8 27. Bxd5+ Bxd5 28. Rxc7 h6 29. Ne6 Bxe6 30. Rxe6 Kf7 31. Re3 a6 32. Rb7 Rab8 33. Ra7 Ra8 34. Rd7 Rac8 35. Kg2 Rc6 36. a4 Re6 37. Rxe6 Kxe6 38. Rb7 Kd5 39. Rxb6 Rxe7 40. Rxa6 Rb7 41. Ra5+ Kc6 42. Rb5 Rd7 43. h4 Rd4 44. h5 Rd3 45. f3 Rc3 46. Kg3 Rd3 47. Kf4 Rd1 48. Kf5 Rg1 49. f4 Rg3 50. Rb8 Rg2 51. b4 Kc7 52. Rb5 Rh2 53. Kg6 Rg2+ 54. Kh7 Kc6 55. Rb8 Rg4 56. b5+ Kc7 57. Ra8 Rxf4 58. Kxg7 Rf5 59. Kxh6 Rf6+ 60. Kg7 Rb6 61. Ra7+ Kb8 62. Ra6 Re6 63. Rxe6 1-0


[Site "https://www.chess.com"]

[Event "Titled Tuesday Blitz August 09 Early 2022"]
[White "Yirik, Volkan"]
[Black "Adewumi, Tanitoluwa"]
[WhiteFideId "6300782"]
[BlackFideId "30966396"]
[WhiteElo "2302"]
[BlackElo "2510"]
[Result "1/2-1/2"]
[Round "02"]
[TimeControl "180+1"]
[Date "2022.08.09"]
[WhiteClock "0:00:59"]
[BlackClock "0:00:03"]

1. e4 c5 2. Nc3 Nc6 3. Bc4 e6 4. f4 g6 5. d3 Bg7 6. Nf3 Nge7 7. O-O d5 8. Bb3 O-O 9. Qe1 Nd4 10. Nxd4 cxd4 11. Ne2 dxe4 12. dxe4 b6 13. Ng3 Bb7 14. f5 exf5 15. Bg5 Qd7 16. Bxe7 Qxe7 17. exf5 Qe3+ 18. Qxe3 dxe3 19. c3 Rae8 20. Rae1 Bh6 21. Kh1 Ba6 22. Rf3 Re5 23. fxg6 hxg6 24. h3 e2 25. c4 Rfe8 26. Rf2 b5 27. cxb5 Bxb5 28. Bxf7+ Kg7 29. Bxe8 Rxe8 30. Rfxe2 Bxe2 31. Rxe2 Rc8 32. Ne4 Rc1+ 33. Kh2 Bf4+ 34. g3 Be5 35. b3 Kh6 36. Kg2 Bd4 37. Kf3 Kh5 38. Kg2 Kh6 39. Rd2 Be3 40. Re2 Bd4 1/2-1/2


[Site "https://www.chess.com"]

[Event "Titled Tuesday Blitz August 09 Early 2022"]
[White "Yurovskykh, Oleksandr"]
[Black "Pinero Rodriguez, Carlos Jose"]
[WhiteFideId "14134020"]
[BlackFideId "3901726"]
[WhiteElo "2292"]
[BlackElo "2053"]
[Result "1-0"]
[Round "02"]
[TimeControl "180+1"]
[Date "2022.08.09"]
[WhiteClock "0:00:07"]
[BlackClock "0:00:01"]

1. d4 d5 2. Bf4 Bf5 3. c4 dxc4 4. Nc3 c6 5. e4 Bg6 6. Bxc4 e6 7. f3 Bb4 8. Ne2 Nf6 9. O-O O-O 10. a3 Ba5 11. b4 Bc7 12. Be3 Nbd7 13. Qb3 Nb6 14. Bd3 e5 15. Rad1 exd4 16. Bxd4 Qb8 17. h3 Bh2+ 18. Kh1 Be5 19. Bg1 Nh5 20. a4 Nd7 21. Bc4 Nb6 22. Bd3 Nd7 23. Bb1 Qc7 24. Rd3 Rad8 25. Rfd1 Ng3+ 26. Nxg3 Bxg3 27. a5 Ne5 28. Rxd8 Rxd8 29. Rxd8+ Qxd8 30. Bxa7 Qd2 31. Qd1 Qxd1+ 32. Nxd1 Be1 33. Bc5 Nd7 34. Bd6 f6 35. Kg1 Bf7 36. Kf1 Bd2 37. Ke2 Bc1 38. Bd3 Bb3 39. Ne3 Bxe3 40. Kxe3 Kf7 41. f4 Ke6 42. Bc7 c5 43. f5+ Ke7 44. b5 c4 45. Bb1 Nc5 46. Kd4 Na4 47. Bb6 Nxb6 48. axb6 Kd6 49. g4 g6 50. fxg6 hxg6 51. h4 Ke6 52. h5 gxh5 53. gxh5 Kf7 54. e5 fxe5+ 55. Kxe5 Kg7 56. Kd4 Kh6 57. Be4 Kxh5 58. Bxb7 Ba4 59. Bc6 c3 60. Kxc3 Bd1 61. b7 Bg4 62. b8=Q Kg5 63. Qg3 1-0


[Site "https://www.chess.com"]

[Event "Titled Tuesday Blitz August 09 Early 2022"]
[White "Zainullina, Nataliya"]
[Black "Balint, Vilmos"]
[WhiteFideId "4145488"]
[BlackFideId "718050"]
[WhiteElo "2055"]
[BlackElo "2059"]
[Result "1/2-1/2"]
[Round "02"]
[TimeControl "180+1"]
[Date "2022.08.09"]
[WhiteClock "0:01:43"]
[BlackClock "0:02:00"]

1. Nf3 f5 2. g3 Nf6 3. Bg2 g6 4. O-O Bg7 5. d4 O-O 6. b3 d6 7. Bb2 c6 8. c4 h6 9. Nbd2 Kh7 10. e3 Nbd7 11. Qc2 Qe8 12. e4 fxe4 13. Nxe4 Nxe4 14. Qxe4 Nf6 15. Qe2 Bg4 16. Rfe1 Nd7 17. Qxe7 Bxf3 18. Qxe8 Raxe8 19. Rxe8 Rxe8 20. Bxf3 Nc5 21. Rd1 Na6 22. Ba3 Re6 23. Bg4 Re4 24. Bf3 Re6 25. Bg4 Re4 26. Bf3 Re6 1/2-1/2


[Site "https://www.chess.com"]

[Event "Titled Tuesday Blitz August 09 Early 2022"]
[White "Zamorano, Jorge"]
[Black "Locci, Damiano"]
[WhiteFideId "173770"]
[BlackFideId "819751"]
[WhiteElo "2331"]
[BlackElo "2396"]
[Result "0-1"]
[Round "02"]
[TimeControl "180+1"]
[Date "2022.08.09"]
[WhiteClock "0:00:02"]
[BlackClock "0:00:06"]

1. d4 d5 2. c4 e6 3. Nc3 a6 4. cxd5 exd5 5. Nf3 c6 6. Bf4 Bd6 7. Bg3 Ne7 8. e3 Bf5 9. Bd3 O-O 10. O-O Qc7 11. Rc1 Bxd3 12. Qxd3 Nd7 13. Bh4 Qb6 14. Rc2 Ng6 15. Bg3 Bxg3 16. hxg3 Rad8 17. Na4 Qb5 18. Qb3 Qxb3 19. axb3 Rfe8 20. b4 Ne7 21. Ra1 Nc8 22. Ne1 Nd6 23. Nd3 Nb5 24. Kf1 g6 25. Nac5 Nxc5 26. Nxc5 Re7 27. g4 Kg7 28. g3 Rde8 29. Kg2 h6 30. Rh1 Nd6 31. Rcc1 Nc4 32. b3 Nd6 33. Rh4 Ne4 34. Nd3 g5 35. Rh2 f6 36. Rch1 Rh8 37. Ra1 Nd2 38. Ra3 Nb1 39. Ra2 Nc3 40. Rc2 Nb5 41. Rh1 Nd6 42. Rhc1 Nb5 43. Nc5 Rhe8 44. Kf3 Na3 45. Ra2 Nb5 46. Rh1 Nd6 47. Rh2 Ne4 48. Ra1 Nd6 49. Rah1 Rh8 50. Ke2 Nb5 51. Kd3 Nd6 52. f3 Rhe8 53. Re1 Nb5 54. Rhe2 Nd6 55. e4 dxe4+ 56. fxe4 Nb5 57. d5 Rd8 58. Kc4 cxd5+ 59. exd5 Rc7 60. Re7+ Rxe7 61. Rxe7+ Kg6 62. Rxb7 Nd6+ 63. Kd4 Nxb7 64. Nxb7 Rb8 65. Nc5 Rxb4+ 66. Kc3 Rxg4 67. d6 Rxg3+ 68. Kc4 Rg4+ 69. Kd5 Rg1 70. d7 Rd1+ 71. Ke6 g4 72. Nb7 Rxd7 73. Kxd7 g3 74. Nc5 g2 0-1


[Site "https://www.chess.com"]

[Event "Titled Tuesday Blitz August 09 Early 2022"]
[White "Ziatdinov, Raset"]
[Black "Bashirli, Nail"]
[WhiteFideId "2015323"]
[BlackFideId "13406809"]
[WhiteElo "2220"]
[BlackElo "2333"]
[Result "0-1"]
[Round "02"]
[TimeControl "180+1"]
[Date "2022.08.09"]
[WhiteClock "0:00:02"]
[BlackClock "0:00:40"]

1. e4 c5 2. Nf3 d6 3. d4 cxd4 4. Nxd4 Nf6 5. Nc3 Nc6 6. Bc4 e6 7. Be3 a6 8. a4 Bd7 9. O-O Be7 10. f4 O-O 11. f5 Nxd4 12. Bxd4 Rc8 13. Bb3 Qc7 14. Qe2 e5 15. Be3 Bc6 16. Bg5 d5 17. Bxf6 Bxf6 18. Bxd5 Qb6+ 19. Kh1 Qxb2 20. Qd3 Rfd8 21. Rfb1 Qxc3 22. Qxc3 Bxd5 23. Qe3 Bc6 24. c4 Rd4 25. Rb6 h5 26. Rc1 Bxe4 27. h3 h4 28. Qe2 Bc6 29. a5 Rcd8 30. Rb2 Bg5 31. Rf1 f6 32. Rc2 e4 33. c5 e3 34. Rfc1 Bb5 35. Qf3 Bc6 36. Qe2 Kf8 37. Qh5 Be4 38. Qh8+ Kf7 39. Qh5+ Kg8 40. Re2 Rd2 41. Rce1 Rxe2 42. Rxe2 Rd1+ 43. Kh2 Bf4+ 44. g3 hxg3# 0-1


[Site "https://www.chess.com"]

[Event "Titled Tuesday Blitz August 09 Early 2022"]
[White "Zou, Chen"]
[Black "Ronka, Erik"]
[WhiteFideId "8610959"]
[BlackFideId "505080"]
[WhiteElo "2276"]
[BlackElo "2264"]
[Result "1-0"]
[Round "02"]
[TimeControl "180+1"]
[Date "2022.08.09"]
[WhiteClock "0:00:15"]
[BlackClock "0:00:31"]

1. d4 d5 2. c4 e6 3. Nf3 Nf6 4. Nc3 c5 5. cxd5 Nxd5 6. e4 Nxc3 7. bxc3 cxd4 8. cxd4 Bb4+ 9. Bd2 Bxd2+ 10. Qxd2 O-O 11. Bc4 Nd7 12. O-O b6 13. Rad1 Bb7 14. Rfe1 Rc8 15. Bb3 Qf6 16. d5 exd5 17. e5 Qh6 18. Qxh6 gxh6 19. Nd4 Nc5 20. Nf5 Nxb3 21. Ne7+ Kg7 22. Nxc8 Nc5 23. Nd6 Ba8 24. f3 Ne6 25. Kf2 f6 26. Nf5+ Kg6 27. Nd4 Nc5 28. e6 f5 29. e7 Re8 30. Re5 f4 31. Nb5 Kf6 32. Nc7 Bc6 33. Nxe8+ Bxe8 34. Rdxd5 Kf7 35. Re2 Nd7 36. Rf5+ Nf6 37. Rxf4 Kg6 38. Rd4 Nd7 39. Rxd7 Bf7 40. e8=Q Kf5 41. Rxf7+ Kg5 42. Qg8+ Kh4 43. Qg4# 1-0


[Site "https://www.chess.com"]

[Event "Titled Tuesday Blitz August 09 Early 2022"]
[White "Aaditya Dhingra"]
[Black "Gatterer, Florian"]
[WhiteFideId "25678191"]
[BlackFideId "811688"]
[WhiteElo "1849"]
[BlackElo "2218"]
[Result "1-0"]
[Round "03"]
[TimeControl "180+1"]
[Date "2022.08.09"]
[WhiteClock "0:00:24"]
[BlackClock "0:00:01"]

1. d4 d5 2. Nf3 Nf6 3. c4 e6 4. Nc3 c5 5. cxd5 Nxd5 6. e4 Nxc3 7. bxc3 cxd4 8. cxd4 Bb4+ 9. Bd2 Bxd2+ 10. Qxd2 O-O 11. Bd3 b6 12. O-O Bb7 13. Rfc1 Nd7 14. Qf4 Rc8 15. e5 g6 16. Ng5 Qe7 17. Be4 Bxe4 18. Nxe4 Kg7 19. Nd6 Rxc1+ 20. Rxc1 Nb8 21. g4 f5 22. exf6+ Rxf6 23. Qe5 Nd7 24. Qg3 e5 25. Ne4 Rf4 26. f3 Qa3 27. Rc7 Qe3+ 28. Qf2 Qxf2+ 29. Kxf2 Rf7 30. d5 Nc5 31. Rxf7+ Kxf7 32. Ng5+ Ke7 33. Nxh7 Kd6 34. Nf6 a5 35. Ke3 b5 36. h4 b4 37. Kd2 a4 38. Kc2 Ke7 39. Ne4 Nd7 40. Kd3 Kf7 41. Kc4 b3 42. axb3 1-0


[Site "https://www.chess.com"]

[Event "Titled Tuesday Blitz August 09 Early 2022"]
[White "Abdrlauf, Elham"]
[Black "Bekturov, Tamerlan"]
[WhiteFideId "1533533"]
[BlackFideId "13710184"]
[WhiteElo "2836"]
[BlackElo "2660"]
[Result "1-0"]
[Round "03"]
[TimeControl "180+1"]
[Date "2022.08.09"]
[WhiteClock "0:00:04"]
[BlackClock "0:00:06"]

1. e4 e5 2. Nc3 Nf6 3. Bc4 Nc6 4. d3 Na5 5. Qf3 c6 6. a4 Nxc4 7. dxc4 d6 8. Nge2 Be7 9. O-O O-O 10. h3 Nd7 11. b3 Nc5 12. Be3 Qa5 13. Rab1 Ne6 14. Rfd1 g6 15. Bh6 Ng7 16. Ng3 Qc7 17. Qe3 f5 18. exf5 gxf5 19. Bxg7 Kxg7 20. Nh5+ Kh8 21. Qh6 Rf7 22. f4 e4 23. Ne2 Bd7 24. Nd4 Rg8 25. Ne6 Qc8 26. Ng5 Bxg5 27. Qxd6 Be7 28. Qe5+ Rgg7 29. Rd2 Kg8 30. Nxg7 Bf6 31. Qc5 Rxg7 32. Rbd1 Bd8 33. Qxa7 Qc7 34. Qe3 Qb6 35. c5 Qc7 36. Rd6 Bh4 37. Qd4 Be8 38. Re6 Re7 39. Qd6 Qxd6 40. Rdxd6 Rxe6 41. Rxe6 Kf7 42. Rh6 Bf6 43. Rxh7+ Ke6 44. Rxb7 Bd4+ 45. Kf1 Bxc5 46. a5 Bd7 47. Rb8 Ba7 48. Rb7 Bc5 49. b4 Bd4 50. c3 Be3 51. Ke2 Bg1 52. Kf1 Bc8 53. Rc7 Kd6 54. Rxc8 Be3 55. Rd8+ Kc7 56. Rf8 Bxf4 57. Rxf5 Bh2 58. Ke2 Kb7 59. Ke3 1-0


[Site "https://www.chess.com"]

[Event "Titled Tuesday Blitz August 09 Early 2022"]
[White "Adury, Anant"]
[Black "Stegariu, Vlad-Ionut"]
[WhiteFideId "30964687"]
[BlackFideId "1217860"]
[WhiteElo "2324"]
[BlackElo "2253"]
[Result "1-0"]
[Round "03"]
[TimeControl "180+1"]
[Date "2022.08.09"]
[WhiteClock "0:02:30"]
[BlackClock "0:02:38"]

1. d4 d5 2. c4 e6 3. Nc3 Nf6 4. Bg5 Be7 5. cxd5 Nxd5 6. Bxe7 Qxe7 7. e4 Nxc3 8. bxc3 c5 9. Nf3 cxd4 10. cxd4 b6 11. Bb5+ Bd7 12. Bd3 O-O 13. O-O Bc6 14. d5 exd5 15. exd5 Bxd5 16. Bxh7+ Kxh7 17. Qxd5 Nd7 18. Rfe1 Qd8 19. Rad1 Nf6 20. Qf5+ g6 21. Qh3+ 1-0


[Site "https://www.chess.com"]

[Event "Titled Tuesday Blitz August 09 Early 2022"]
[White "Ajay, Karthikeyan"]
[Black "Oye-Stromberg, Alexander"]
[WhiteFideId "35011685"]
[BlackFideId "1525999"]
[WhiteElo "2168"]
[BlackElo "1972"]
[Result "0-1"]
[Round "03"]
[TimeControl "180+1"]
[Date "2022.08.09"]
[WhiteClock "0:00:09"]
[BlackClock "0:00:35"]

1. b3 e5 2. Bb2 Nc6 3. e3 d5 4. Bb5 Ne7 5. Bxe5 a6 6. Bxc6+ Nxc6 7. Bb2 Qg5 8. g3 Bg4 9. f3 Be6 10. f4 Qg6 11. Nf3 O-O-O 12. O-O h5 13. Nh4 Qh6 14. f5 Bd7 15. Nc3 d4 16. exd4 Nxd4 17. Ne2 Nxe2+ 18. Qxe2 Bb5 19. c4 Bc5+ 20. d4 Rxd4 21. Bxd4 Bxd4+ 22. Kg2 Bc6+ 23. Kh3 Bxa1 24. Rxa1 g5 25. fxg6 fxg6 26. Rd1 g5 27. Nf3 Bxf3 28. Qe5 g4+ 29. Kh4 Bxd1 30. Qxh8+ Qxh8 31. Kg5 Qg7+ 32. Kh4 Bc2 33. c5 Qf6+ 34. Kxh5 Qg6+ 35. Kh4 Bf5 36. h3 Qh6# 0-1


[Site "https://www.chess.com"]

[Event "Titled Tuesday Blitz August 09 Early 2022"]
[White "Andreikin, Dmitry"]
[Black "Ernst, Sipke"]
[WhiteFideId "4158814"]
[BlackFideId "1004689"]
[WhiteElo "3113"]
[BlackElo "2727"]
[Result "1-0"]
[Round "03"]
[TimeControl "180+1"]
[Date "2022.08.09"]
[WhiteClock "0:01:09"]
[BlackClock "0:00:15"]

1. d4 d5 2. c4 e6 3. Nf3 Nf6 4. g3 dxc4 5. Bg2 c6 6. O-O Nbd7 7. Nc3 Be7 8. e4 O-O 9. Bf4 b5 10. d5 cxd5 11. exd5 exd5 12. Nxd5 Nxd5 13. Qxd5 Nb6 14. Qxb5 Bd7 15. Qh5 Rc8 16. Rad1 Rc5 17. Ne5 Qc8 18. Be4 g6 19. Qh6 Be6 20. Rfe1 Bf6 21. Nxg6 hxg6 22. Bxg6 fxg6 23. Qxg6+ Bg7 24. Rxe6 Rcf5 25. Rde1 Nd5 26. Re8 Qc5 27. Qxf5 1-0


[Site "https://www.chess.com"]

[Event "Titled Tuesday Blitz August 09 Early 2022"]
[White "Antonio, Jorge Carlos"]
[Black "Ianov, Viktor"]
[WhiteFideId "113190"]
[BlackFideId "14102730"]
[WhiteElo "2247"]
[BlackElo "2152"]
[Result "0-1"]
[Round "03"]
[TimeControl "180+1"]
[Date "2022.08.09"]
[WhiteClock "0:00:45"]
[BlackClock "0:01:30"]

1. d4 d6 2. Nf3 g6 3. c4 Bg7 4. e4 Bg4 5. Nc3 Nc6 6. Be3 e5 7. d5 Nd4 8. Be2 Bxf3 9. Bxf3 c5 10. dxc6 bxc6 11. O-O Ne7 12. b4 O-O 13. Rc1 Qc7 14. a3 f5 15. Bxd4 exd4 16. Ne2 c5 17. exf5 Rab8 18. Nf4 Rxf5 19. Ne6 Qd7 20. Nxg7 Kxg7 21. Bg4 Nc6 22. Bxf5 Qxf5 23. b5 Ne5 24. h3 Rf8 25. a4 h5 26. Qe2 Nd3 27. Rb1 Nf4 28. Qe7+ Rf7 29. Qxd6 Qg5 30. Qc6 Nxh3+ 31. Kh2 Nxf2 32. Rbe1 Qh4+ 33. Kg1 Qh1# 0-1


[Site "https://www.chess.com"]

[Event "Titled Tuesday Blitz August 09 Early 2022"]
[White "Aradhya, Garg"]
[Black "Vifleemskaia, Svetlana"]
[WhiteFideId "25006746"]
[BlackFideId "4129490"]
[WhiteElo "2203"]
[BlackElo "1929"]
[Result "1/2-1/2"]
[Round "03"]
[TimeControl "180+1"]
[Date "2022.08.09"]
[WhiteClock "0:00:13"]
[BlackClock "0:00:10"]

1. d4 Nf6 2. c4 e6 3. Nf3 Bb4+ 4. Nbd2 b6 5. a3 Bxd2+ 6. Qxd2 Bb7 7. e3 d6 8. Bd3 Ne4 9. Qc2 f5 10. O-O Nd7 11. b4 c5 12. d5 exd5 13. cxd5 Bxd5 14. Rd1 O-O 15. Bb2 Ndf6 16. bxc5 Rc8 17. Nd4 Rxc5 18. Qe2 g6 19. Rac1 Qe7 20. f3 Rxc1 21. Rxc1 Nc5 22. Bc4 Bxc4 23. Qxc4+ d5 24. Qe2 Re8 25. Nc6 Qe6 26. Nb4 Kf7 27. Bd4 f4 28. Bxc5 bxc5 29. Rxc5 fxe3 30. Rc7+ Re7 31. Rxe7+ Qxe7 32. Nc2 Qc5 33. Nxe3 Qxa3 34. Qd2 Qc5 35. Kf1 a5 36. Nc2 Qc4+ 37. Kf2 a4 38. Ne3 Qc5 39. Qc2 Qxc2+ 40. Nxc2 Ke6 41. Ke3 Kd6 42. Kd4 h5 43. h4 Nd7 44. Nb4 Nb6 45. g4 a3 46. Kc3 Nc4 47. Kb3 Ke5 48. gxh5 gxh5 49. f4+ Ke4 50. f5 Kxf5 51. Nxd5 Kg4 52. Kxc4 a2 53. Ne3+ Kxh4 54. Nc2 Kg3 55. Kb3 a1=Q 56. Nxa1 h4 57. Nc2 h3 58. Ne3 Kf2 59. Ng4+ Kf3 60. Nh2+ Kg2 61. Ng4 Kg3 62. Ne3 Kf2 63. Ng4+ Kf3 64. Nh2+ Kg3 65. Nf1+ Kg2 66. Ne3+ Kf2 1/2-1/2


[Site "https://www.chess.com"]

[Event "Titled Tuesday Blitz August 09 Early 2022"]
[White "Atakhan, Abtin"]
[Black "Samadov, Read"]
[WhiteFideId "22502203"]
[BlackFideId "13417444"]
[WhiteElo "2698"]
[BlackElo "2934"]
[Result "1-0"]
[Round "03"]
[TimeControl "180+1"]
[Date "2022.08.09"]
[WhiteClock "0:00:28"]
[BlackClock "0:00:15"]

1. d4 Nf6 2. c4 e6 3. Nf3 d5 4. Nc3 Bb4 5. Bg5 h6 6. Bxf6 Qxf6 7. e3 O-O 8. Rc1 Nc6 9. cxd5 exd5 10. a3 Bxc3+ 11. Rxc3 Qd6 12. Qc2 Ne7 13. Bd3 c6 14. O-O g6 15. Ne5 Bf5 16. b4 Bxd3 17. Nxd3 Nf5 18. Rb1 a6 19. a4 h5 20. b5 cxb5 21. axb5 a5 22. b6 Ra6 23. Nc5 Rxb6 24. Rxb6 Qxb6 25. Nd7 Qb5 26. Nxf8 Kxf8 27. Rc5 Qb4 28. h3 a4 29. Rxd5 Kg7 30. Qa2 a3 31. Rd7 Nd6 32. Qd5 Qb1+ 33. Kh2 a2 34. Qxd6 Qf5 35. Rd8 a1=Q 36. Qf8+ Kf6 37. Rd6+ Qe6 38. Rxe6+ Kxe6 39. Qc8+ Kf6 40. Qxb7 Qe1 41. Qf3+ Kg7 42. d5 Qd2 43. e4 Qd4 44. h4 Qe5+ 45. g3 f6 46. Kg2 Kh6 47. Qf4+ 1-0


[Site "https://www.chess.com"]

[Event "Titled Tuesday Blitz August 09 Early 2022"]
[White "Azarov, Sergei"]
[Black "Tatarinov, Dmitry"]
[WhiteFideId "13501470"]
[BlackFideId "24160067"]
[WhiteElo "2494"]
[BlackElo "2324"]
[Result "1-0"]
[Round "03"]
[TimeControl "180+1"]
[Date "2022.08.09"]
[WhiteClock "0:01:40"]
[BlackClock "0:01:34"]

1. e4 c5 2. Nf3 e6 3. d4 cxd4 4. Nxd4 a6 5. Be2 d6 6. O-O Nf6 7. Nc3 Qc7 8. f4 Nbd7 9. a4 b6 10. Bf3 Bb7 11. Qe2 Rc8 12. Be3 Be7 13. Rae1 O-O 14. g4 Qb8 15. g5 Rxc3 16. bxc3 Nxe4 17. f5 e5 18. f6 gxf6 19. Nf5 Bd8 20. Qg2 Kh8 21. Bxe4 Bxe4 22. Qxe4 fxg5 23. Qd5 Nf6 24. Qxd6 1-0


[Site "https://www.chess.com"]

[Event "Titled Tuesday Blitz August 09 Early 2022"]
[White "Baches Garcia, Guillermo"]
[Black "Gonzalez Vega, Alejandro"]
[WhiteFideId "2209764"]
[BlackFideId "3510042"]
[WhiteElo "2512"]
[BlackElo "2218"]
[Result "1-0"]
[Round "03"]
[TimeControl "180+1"]
[Date "2022.08.09"]
[WhiteClock "0:01:51"]
[BlackClock "0:00:59"]

1. e4 c5 2. Nf3 a6 3. c4 d6 4. d4 cxd4 5. Qxd4 Nc6 6. Qe3 Nf6 7. h3 g6 8. Nc3 Bg7 9. Be2 O-O 10. O-O h6 11. Rd1 Qa5 12. Bd2 Qc5 13. Rac1 Be6 14. Qf4 Nh5 15. Qe3 Qxe3 16. Bxe3 f5 17. exf5 gxf5 18. Nd4 Nxd4 19. Bxd4 Nf6 20. b3 Ne4 21. Bf3 Nxc3 22. Bxc3 Bxc3 23. Rxc3 Rab8 24. Re3 Rf6 25. Rxe6 Rxe6 26. Bd5 1-0


[Site "https://www.chess.com"]